[Event "Titled Tuesday Blitz May 10 Early 2022"]
[White "Sjugirov, Sanan"]
[Black "Fedoseev, Vladimir"]
[WhiteFideId "4189302"]
[BlackFideId "24130737"]
[WhiteElo "2602"]
[BlackElo "2726"]
[Result "0-1"]
[Round "10"]
[TimeControl "180+1"]
[Date "2022.05.10"]
[WhiteClock "0:00:09"]
[BlackClock "0:00:09"]

1. e4 c5 2. Nf3 Nc6 3. d4 cxd4 4. Nxd4 e5 5. Nb3 Nf6 6. Bg5 Bb4+ 7. c3 Be7 8. Bxf6 Bxf6 9. Bc4 O-O 10. O-O d6 11. Na3 a6 12. Nc2 Bg5 13. a3 Qc7 14. Qe2 Ne7 15. Nb4 b5 16. Bd3 Be6 17. Nd2 a5 18. Nc2 Rfb8 19. Nf3 Bh6 20. Bxb5 Ng6 21. a4 Nf4 22. Qd1 Bc4 23. Bxc4 Qxc4 24. Na3 Qxe4 25. Nb5 Rd8 26. Re1 Qf5 27. Nh4 Qf6 28. Qg4 g6 29. Rad1 Bf8 30. g3 Ne6 31. Ng2 Nc5 32. Ne3 h5 33. Qe2 Nxa4 34. Nd5 Qg7 35. Ra1 Nc5 36. Nbc7 Rab8 37. Rxa5 e4 38. b4 Nd3 39. Rea1 Qe5 40. Qxe4 Qxe4 41. Nf6+ Kg7 42. Nxe4 Rbc8 43. Nd5 Re8 44. Ng5 Re5 45. f4 Rf5 46. Ne4 Nb2 47. Nd2 Nd3 48. Ne4 Nb2 49. Nd2 Re8 50. c4 Re2 51. Rd1 Nxd1 52. Nf3 Ne3 53. Nd4 Rg2+ 54. Kh1 Rd2 55. Nxf5+ Nxf5 56. b5 Rb2 57. b6 Nd4 58. Kg1 Nf3+ 59. Kf1 Nxh2+ 60. Ke1 Nf3+ 61. Kd1 Nd4 62. Kc1 Rb3 63. Kd2 Ne6 64. Rb5 Rxb5 65. cxb5 Nc5 66. Nb4 f6 67. Nc6 Nb7 68. Kd3 Kf7 69. Ke4 Ke6 70. Nd4+ Kd7 71. Kd5 Be7 72. f5 g5 73. Ne6 h4 74. gxh4 gxh4 75. Nf4 Bd8 76. Ke4 Bxb6 77. Nd5 Bd8 78. Kf4 Nc5 79. Kg4 Na4 80. Kxh4 Nb6 81. Nf4 d5 82. Kg4 Kd6 83. Kf3 Be7 84. Ke3 Kc5 85. Kd3 Bd6 86. Ne6+ Kxb5 87. Kd4 Be5+ 88. Kd3 Kc6 89. Nf8 Kd6 90. Ng6 Nd7 91. Nh4 Nc5+ 0-1


[Site "https://www.chess.com"]

[Event "Titled Tuesday Blitz May 10 Early 2022"]
[White "Soucek, Petr"]
[Black "Navalgund, Niranjan"]
[WhiteFideId "23715170"]
[BlackFideId "5030854"]
[WhiteElo "1979"]
[BlackElo "2290"]
[Result "1-0"]
[Round "10"]
[TimeControl "180+1"]
[Date "2022.05.11"]
[WhiteClock "0:00:07"]
[BlackClock "0:00:08"]

1. e4 b6 2. g3 Bb7 3. Bg2 Nf6 4. Nc3 e5 5. Nge2 h5 6. d4 exd4 7. Nxd4 h4 8. O-O h3 9. Bh1 Bc5 10. e5 Bxh1 11. Kxh1 Nh5 12. Nb3 Qe7 13. Nd5 Qd8 14. Nxc5 bxc5 15. Be3 Nc6 16. Qf3 d6 17. exd6 Qxd6 18. Rad1 O-O-O 19. Nb6+ axb6 20. Rxd6 Rxd6 21. c3 Nf6 22. Bf4 Re6 23. a4 Rhe8 24. Kg1 Kb7 25. b4 Ne4 26. b5 Na5 27. Qg4 Nd2 28. Bxd2 Nb3 29. Be3 c4 30. Qxh3 Na5 31. Qg2+ Ka7 32. Qf3 Rf6 33. Qg4 Rg6 34. Qf5 Ree6 35. Qxf7 Kb7 36. Bf4 Rc6 37. bxc6+ Rxc6 38. Qxg7 Nb3 39. Rd1 Nc5 40. Rd5 Ne6 41. Qe7 Nxf4 42. gxf4 Rg6+ 43. Kf1 Kc6 44. Rg5 Rd6 45. f5 Rd2 46. f6 Rc2 47. Qe4+ Kd7 48. Qxc2 b5 49. Qe4 bxa4 50. Qxc4 a3 51. Rd5+ Ke6 52. Qe4+ Kf7 53. Qe7+ Kg6 54. Qg7# 1-0


[Site "https://www.chess.com"]

[Event "Titled Tuesday Blitz May 10 Early 2022"]
[White "Srihari L R"]
[Black "Martic, Ivan"]
[WhiteFideId "46617116"]
[BlackFideId "929301"]
[WhiteElo "2121"]
[BlackElo "2317"]
[Result "1-0"]
[Round "10"]
[TimeControl "180+1"]
[Date "2022.05.10"]
[WhiteClock "0:01:27"]
[BlackClock "0:00:30"]

1. Nf3 d5 2. c4 e6 3. b3 Nf6 4. Bb2 Be7 5. g3 O-O 6. Bg2 b6 7. O-O Bb7 8. e3 c5 9. Qe2 Nc6 10. Rd1 Qc7 11. Nc3 Rad8 12. Rac1 dxc4 13. bxc4 Rd7 14. d4 cxd4 15. exd4 Rfd8 16. d5 exd5 17. Bh3 d4 18. Nb5 d3 19. Rxd3 Qb8 20. Bxd7 Nxd7 21. Rcd1 Qc8 22. Nd6 Bxd6 23. Rxd6 Nf8 24. Rxd8 Nxd8 25. Qe8 Bxf3 26. Rxd8 Qc5 27. Qe3 Qf5 28. Rxf8+ 1-0


[Site "https://www.chess.com"]

[Event "Titled Tuesday Blitz May 10 Early 2022"]
[White "Steinberg, Nitzan"]
[Black "Le, Tuan Minh"]
[WhiteFideId "2801795"]
[BlackFideId "12401153"]
[WhiteElo "2471"]
[BlackElo "2450"]
[Result "1-0"]
[Round "10"]
[TimeControl "180+1"]
[Date "2022.05.10"]
[WhiteClock "0:00:05"]
[BlackClock "0:00:01"]

1. e4 c5 2. Nf3 Nf6 3. Nc3 d5 4. exd5 Nxd5 5. Bb5+ Bd7 6. Bxd7+ Qxd7 7. O-O Nc6 8. Ne4 e6 9. d4 cxd4 10. Nxd4 Rd8 11. c3 e5 12. Nxc6 Qxc6 13. Qh5 Qe6 14. Ng5 Qg6 15. Qe2 Be7 16. Nf3 f6 17. Qb5+ Rd7 18. c4 a6 19. Qa4 Nb4 20. Be3 Qe4 21. c5 a5 22. a3 Qc6 23. axb4 axb4 24. Qxc6 bxc6 25. Ra6 Kf7 26. Rxc6 Rd3 27. Rb6 Rb3 28. Rb1 Ra8 29. Nd2 Rd3 30. g4 Bxc5 31. Bxc5 Rxd2 32. Be3 Rc2 33. Rxb4 Kg6 34. b3 h5 35. h3 Raa2 36. Rc4 Re2 37. b4 hxg4 38. hxg4 Rab2 39. Rxb2 Rxb2 40. Kg2 Kf7 41. Rc7+ Ke6 42. Rb7 g6 43. b5 f5 44. gxf5+ gxf5 45. Ba7 f4 46. Rb8 e4 47. Re8+ Kf5 48. b6 e3 49. Re7 Rxf2+ 50. Kg1 Rb2 51. b7 Rb1+ 52. Kg2 Rb2+ 53. Kh3 Rxb7 54. Rxb7 Ke4 55. Kg4 f3 56. Re7+ 1-0


[Site "https://www.chess.com"]

[Event "Titled Tuesday Blitz May 10 Early 2022"]
[White "Stepanencu, Nicodim-Cosmin"]
[Black "Vlassov, Nikolai"]
[WhiteFideId "1256220"]
[BlackFideId "4103360"]
[WhiteElo "1945"]
[BlackElo "2407"]
[Result "0-1"]
[Round "10"]
[TimeControl "180+1"]
[Date "2022.05.11"]
[WhiteClock "0:00:01"]
[BlackClock "0:00:26"]

1. e4 Nc6 2. f4 d5 3. e5 h5 4. d4 Bg4 5. Nf3 Bxf3 6. gxf3 e6 7. h4 Be7 8. Be3 Bxh4+ 9. Kd2 Nh6 10. Bd3 g6 11. f5 Nxf5 12. Bxf5 exf5 13. Nc3 Be7 14. Qe2 a6 15. a3 Qd7 16. b4 Nd8 17. Rab1 c6 18. a4 Ne6 19. Qg2 f4 20. Bf2 Rc8 21. Rb3 b6 22. Rhb1 O-O 23. Rh1 Ng7 24. Ne2 Qf5 25. Qh2 c5 26. bxc5 bxc5 27. Rb7 Rfe8 28. Rg1 cxd4 29. Nxd4 Qxe5 30. Re1 Qf6 31. Qh3 Bc5 32. Rxe8+ Rxe8 33. c3 Ne6 34. Nxe6 Bxf2 35. Nc7 Rd8 36. Ke2 Be3 37. Kd3 a5 38. Rb5 Qc6 0-1


[Site "https://www.chess.com"]

[Event "Titled Tuesday Blitz May 10 Early 2022"]
[White "Stoleriu, George"]
[Black "Maksimovic, Bojan"]
[WhiteFideId "1227505"]
[BlackFideId "14408120"]
[WhiteElo "2194"]
[BlackElo "2448"]
[Result "1/2-1/2"]
[Round "10"]
[TimeControl "180+1"]
[Date "2022.05.10"]
[WhiteClock "0:00:06"]
[BlackClock "0:00:05"]

1. e4 c5 2. Nf3 Nc6 3. Bb5 g6 4. Bxc6 dxc6 5. d3 Bg7 6. h3 Nf6 7. Nc3 Nd7 8. Be3 e5 9. Qd2 h6 10. O-O Qe7 11. a4 Nf8 12. a5 Ne6 13. Na4 f5 14. exf5 gxf5 15. Qe2 O-O 16. Bd2 Nd4 17. Nxd4 cxd4 18. Rfe1 f4 19. f3 Qg5 20. Kh1 Qg6 21. Nc5 Rf7 22. c3 Bf5 23. Ne4 Rd8 24. cxd4 Rxd4 25. Bc3 Rd5 26. Ra4 Rfd7 27. Rb4 Bf8 28. Rb3 Rxd3 29. Nc5 Re3 30. Qxe3 fxe3 31. Nxd7 Bxd7 32. Rxb7 Qd3 33. Rxa7 Bc5 34. Ra8+ Kf7 35. a6 e4 36. fxe4 e2 37. a7 Bxa7 38. Rxa7 Kg6 39. Kh2 h5 40. Rxd7 Qxd7 41. Rxe2 Kf7 42. Rf2+ Ke6 43. Rf6+ Ke7 44. Rh6 Qc7+ 45. e5 Qb6 46. Rxh5 Qe3 47. Rh4 Qf2 48. Rg4 Ke6 49. Rg6+ Ke7 50. Rg4 Ke6 51. Rg6+ Ke7 52. Rf6 Qe3 53. Rf3 Qe4 54. Kh1 Qb1+ 55. Kh2 Qe4 56. Kh1 Qb1+ 57. Kh2 Qe4 1/2-1/2


[Site "https://www.chess.com"]

[Event "Titled Tuesday Blitz May 10 Early 2022"]
[White "Stribuk, Artiom"]
[Black "Sadhwani, Raunak"]
[WhiteFideId "13515659"]
[BlackFideId "35093487"]
[WhiteElo "2259"]
[BlackElo "2616"]
[Result "0-1"]
[Round "10"]
[TimeControl "180+1"]
[Date "2022.05.10"]
[WhiteClock "0:00:08"]
[BlackClock "0:01:12"]

1. d4 Nf6 2. c4 g6 3. g3 Bg7 4. Bg2 O-O 5. Nf3 d6 6. O-O Nbd7 7. Nc3 e5 8. e4 Re8 9. h3 exd4 10. Nxd4 Nc5 11. Re1 Bd7 12. b4 Ne6 13. Be3 a5 14. b5 Nc5 15. Qc2 Qc8 16. Kh2 Re5 17. Nf3 Re8 18. Bxc5 dxc5 19. e5 Bf5 20. Qb3 Nd7 21. g4 Be6 22. Nd5 Bxd5 23. cxd5 Nxe5 24. Rac1 c4 25. Qa4 Nxf3+ 26. Bxf3 c3 27. Kg2 Qd7 28. Qc4 Qd6 29. Rxe8+ Rxe8 30. Rxc3 Bxc3 31. Qxc3 b6 32. a3 Qc5 33. Qd3 Qd6 34. Qc3 Qe5 35. Qc6 Re7 36. Qa8+ Kg7 37. a4 h6 38. Qd8 Qd6 39. Qc8 Re5 40. Qa8 h5 41. Qc8 h4 42. Qb8 Re1 43. Qc8 Ra1 44. Qe8 Ra2 45. Qe1 Qg3+ 0-1


[Site "https://www.chess.com"]

[Event "Titled Tuesday Blitz May 10 Early 2022"]
[White "Tania, Sachdev"]
[Black "Buscar, Michael"]
[WhiteFideId "5007844"]
[BlackFideId "2603616"]
[WhiteElo "2280"]
[BlackElo "2010"]
[Result "1-0"]
[Round "10"]
[TimeControl "180+1"]
[Date "2022.05.11"]
[WhiteClock "0:00:23"]
[BlackClock "0:00:10"]

1. d4 d5 2. c4 e6 3. Nf3 Nf6 4. Nc3 a6 5. cxd5 exd5 6. Qb3 Be7 7. Bg5 c6 8. e3 Bf5 9. Qxb7 Nbd7 10. Qxc6 O-O 11. Be2 Qb8 12. O-O Rc8 13. Nxd5 Rxc6 14. Nxe7+ Kf8 15. Nxc6 Qxb2 16. Bc4 Rc8 17. Nce5 h6 18. Bxf6 Nxf6 19. Bxf7 a5 20. Bb3 Qa3 21. Nh4 Be4 22. Nhg6+ Bxg6 23. Nxg6+ Ke8 24. Rab1 Ne4 25. Be6 Rd8 26. Rb7 Rd6 27. d5 Nc5 28. Bf7+ Kd8 29. Ra7 Qxa2 30. Ne5 a4 31. h3 a3 32. Ra8+ Kc7 33. Rc1 Kb6 34. Rb8+ Nb7 35. Nc4+ Ka7 36. Rxb7+ Kxb7 37. Nxd6+ Kb6 38. Nc4+ Kc7 39. d6+ Kd7 40. Ne5+ Kxd6 41. Bxa2 Kxe5 42. Rc3 Ke4 43. Rxa3 Kf5 44. Bb1+ Kg5 45. Ra6 Kh5 46. g3 g5 47. Bg6# 1-0


[Site "https://www.chess.com"]

[Event "Titled Tuesday Blitz May 10 Early 2022"]
[White "Tomaszewski, Kacper"]
[Black "Shtyka, Sergey"]
[WhiteFideId "1127373"]
[BlackFideId "4138465"]
[WhiteElo "2153"]
[BlackElo "2014"]
[Result "1-0"]
[Round "10"]
[TimeControl "180+1"]
[Date "2022.05.11"]
[WhiteClock "0:00:07"]
[BlackClock "0:00:03"]

1. Nf3 c5 2. e4 d6 3. Bb5+ Nd7 4. O-O a6 5. Bd3 e5 6. c3 Be7 7. Bc2 Ngf6 8. d4 cxd4 9. cxd4 O-O 10. Nc3 b5 11. a3 Bb7 12. d5 Rc8 13. Bd2 Nb6 14. b3 Rc5 15. Bd3 Qd7 16. Qe2 Rfc8 17. Rfc1 h6 18. Qe1 Nh5 19. Bf1 R5c7 20. Be3 Na8 21. a4 b4 22. Na2 a5 23. Rxc7 Qxc7 24. Rc1 Qd8 25. Rc4 Ba6 26. Rxc8 Qxc8 27. Qc1 Qxc1 28. Nxc1 Bxf1 29. Kxf1 Nf6 30. Nd2 Ng4 31. Nc4 Nxh2+ 32. Ke2 Ng4 33. Nxa5 Nxe3 34. fxe3 Bd8 35. Nc6 Bc7 36. Nxb4 h5 37. Ncd3 g5 38. Na6 Bb6 39. b4 g4 40. a5 Ba7 41. b5 h4 42. b6 Bxb6 43. axb6 Nxb6 44. Nc7 Nc4 45. Nf2 h3 46. gxh3 g3 47. Ng4 Kg7 48. Ne8+ Kg6 49. Kf3 Nd2+ 50. Kxg3 Nxe4+ 51. Kg2 f5 52. Nf2 Nc3 53. Nc7 e4 54. Nh1 Nd1 55. Ng3 Nxe3+ 56. Kf2 Nc4 57. Ne2 Nb6 58. Nf4+ Kg5 59. Kg3 Nc4 60. Nce6+ Kf6 61. h4 Ne3 62. h5 Nxd5 63. Nxd5+ Kxe6 64. h6 Kf7 65. Ne3 Kg6 66. Nxf5 d5 67. Kf4 d4 68. Kxe4 d3 69. Kxd3 Kxf5 70. h7 Kg6 71. h8=Q 1-0


[Site "https://www.chess.com"]

[Event "Titled Tuesday Blitz May 10 Early 2022"]
[White "Van den Dikkenberg, Erik"]
[Black "Matveeva, Olga"]
[WhiteFideId "1005880"]
[BlackFideId "24107018"]
[WhiteElo "2118"]
[BlackElo "2052"]
[Result "1-0"]
[Round "10"]
[TimeControl "180+1"]
[Date "2022.05.11"]
[WhiteClock "0:00:15"]
[BlackClock "0:00:04"]

1. e4 e6 2. d4 d5 3. Nc3 Nf6 4. Bg5 Bb4 5. e5 h6 6. exf6 hxg5 7. fxg7 Rg8 8. Qh5 Qf6 9. O-O-O Bxc3 10. bxc3 Qxg7 11. Nf3 Nc6 12. Bb5 Bd7 13. Bxc6 Bxc6 14. Ne5 Bb5 15. Rhe1 Rf8 16. g3 O-O-O 17. Kb2 f6 18. Qg6 Qe7 19. Ng4 Bd7 20. Ne3 Qd6 21. Qg7 a5 22. a3 a4 23. Ka2 Bb5 24. Rb1 Bd7 25. Rb4 Qc6 26. Kb2 Rh8 27. Qxf6 Rxh2 28. Ng4 Rhh8 29. Ne5 Qd6 30. Nf7 Qf8 31. Qg6 Rg8 32. Qh5 Re8 33. Ne5 b6 34. Nxd7 Kxd7 35. Qg4 Qxf2 36. Re5 Kd6 37. Rxa4 Qf6 38. Qe2 g4 39. Qb5 Ra8 40. Qb4+ Kd7 41. Qb5+ Kd6 42. Qb4+ Kc6 43. Rxa8 Rxa8 44. a4 Kb7 45. Qb5 Ra5 46. Qd7 Qf2 47. Rxe6 Qf3 48. Qc6+ Kb8 49. Re8+ 1-0


[Site "https://www.chess.com"]

[Event "Titled Tuesday Blitz May 10 Early 2022"]
[White "Vasquez Schroeder, Rodrigo"]
[Black "Barp, Alberto"]
[WhiteFideId "3400042"]
[BlackFideId "872555"]
[WhiteElo "2567"]
[BlackElo "2229"]
[Result "0-1"]
[Round "10"]
[TimeControl "180+1"]
[Date "2022.05.10"]
[WhiteClock "0:00:18"]
[BlackClock "0:01:05"]

1. e4 c5 2. Nf3 d6 3. d4 cxd4 4. Nxd4 Nf6 5. Nc3 Bd7 6. g3 Nc6 7. Nde2 e6 8. Bg2 a6 9. a4 Be7 10. O-O O-O 11. h3 Rc8 12. g4 Qc7 13. g5 Ne8 14. f4 f6 15. h4 Qd8 16. Ng3 Nc7 17. Be3 Qe8 18. Qd2 fxg5 19. hxg5 Kh8 20. Bh3 Na5 21. b3 Nc6 22. Bg4 d5 23. e5 d4 24. Bxd4 Nxd4 25. Qxd4 Nd5 26. Nce4 Nxf4 27. Rad1 Rd8 28. Nd6 Bxd6 29. Qxd6 Qg6 30. Qe7 Rde8 31. Qb4 Qxg5 32. Rxd7 Qxg4 0-1


[Site "https://www.chess.com"]

[Event "Titled Tuesday Blitz May 10 Early 2022"]
[White "Vovk, Orest"]
[Black "Ivanisevic, Ivan"]
[WhiteFideId "14113490"]
[BlackFideId "912417"]
[WhiteElo "2203"]
[BlackElo "2495"]
[Result "0-1"]
[Round "10"]
[TimeControl "180+1"]
[Date "2022.05.11"]
[WhiteClock "0:00:05"]
[BlackClock "0:00:22"]

1. h4 d5 2. h5 e5 3. h6 Nc6 4. hxg7 Bxg7 5. d3 Be6 6. g3 Qe7 7. Bg2 O-O-O 8. c3 f5 9. Qa4 e4 10. d4 Kb8 11. Nh3 Nf6 12. Nf4 Nd7 13. Qa3 Qe8 14. Nxe6 Qxe6 15. Bf4 Nb6 16. Nd2 h5 17. e3 Bh6 18. Bxh6 Rxh6 19. Rh4 Ne7 20. O-O-O Ng6 21. Rh3 h4 22. Rdh1 Rdh8 23. Bf1 Qf6 24. Qc5 Nf8 25. gxh4 Ne6 26. Qb5 a6 27. Qb4 Rxh4 28. Rxh4 Rxh4 29. Rxh4 Qxh4 30. a4 Ka7 31. a5 Nc8 32. Qb3 c6 33. c4 Nc7 34. cxd5 Nxd5 35. Bc4 Nce7 36. Qa3 Qxf2 37. Qc5+ Ka8 38. Bxd5 Nxd5 39. Qf8+ Ka7 40. Qc5+ Kb8 41. Qf8+ Kc7 42. Qg7+ Kd8 43. Qxb7 Nxe3 44. Qb8+ Ke7 45. Qc7+ Kf8 46. Qd8+ Kf7 47. Qd7+ Kg6 48. Qxc6+ Kg5 49. Nxe4+ fxe4 50. Qc5+ Kg4 51. Kb1 Qf1+ 52. Ka2 Qc4+ 53. Qxc4 Nxc4 54. Kb3 Nd6 55. Kc3 Kf3 56. d5 e3 0-1


[Site "https://www.chess.com"]

[Event "Titled Tuesday Blitz May 10 Early 2022"]
[White "Wagh Suyog"]
[Black "Santos Ruiz, Miguel"]
[WhiteFideId "25071688"]
[BlackFideId "22291482"]
[WhiteElo "2181"]
[BlackElo "2486"]
[Result "0-1"]
[Round "10"]
[TimeControl "180+1"]
[Date "2022.05.10"]
[WhiteClock "0:00:10"]
[BlackClock "0:00:32"]

1. e4 c5 2. Nf3 e6 3. d4 cxd4 4. Nxd4 Be7 5. Bd3 d6 6. O-O Nf6 7. c4 Qc7 8. Nc3 a6 9. Be3 b6 10. Rc1 Bb7 11. Re1 Nbd7 12. Kh1 h6 13. f3 g5 14. b4 Ne5 15. Bf1 Nfd7 16. Qd2 Rc8 17. Qf2 h5 18. Na4 h4 19. h3 O-O 20. Nb3 Bd8 21. Qd2 f6 22. Red1 Be7 23. Qf2 f5 24. exf5 exf5 25. Nxb6 Nxb6 26. Bxb6 Qb8 27. Bd4 g4 28. Be2 Bf6 29. c5 Qa8 30. hxg4 fxg4 31. cxd6 Rxc1 32. Rxc1 gxf3 33. gxf3 Nxf3 34. Bxf3 Bxf3+ 35. Kh2 Qe4 36. Rg1+ Kh7 37. Bxf6 Qf4+ 38. Kh3 Bg4+ 39. Kg2 Bh3+ 40. Kxh3 Qxf2 41. Bxh4 Qxg1 0-1


[Site "https://www.chess.com"]

[Event "Titled Tuesday Blitz May 10 Early 2022"]
[White "Wagner, Dennis"]
[Black "Namitbir Singh Walia"]
[WhiteFideId "24650684"]
[BlackFideId "35071068"]
[WhiteElo "2355"]
[BlackElo "1565"]
[Result "1/2-1/2"]
[Round "10"]
[TimeControl "180+1"]
[Date "2022.05.11"]
[WhiteClock "0:00:19"]
[BlackClock "0:00:06"]

1. c4 Nf6 2. g3 e6 3. Bg2 d5 4. Nf3 c6 5. O-O Bd6 6. d4 O-O 7. Nc3 Nbd7 8. Nd2 Re8 9. e4 dxe4 10. Ndxe4 Bc7 11. Re1 h6 12. Qc2 Nxe4 13. Nxe4 Nf6 14. Nc3 Qxd4 15. Be3 Qxc4 16. Rad1 e5 17. h3 Qe6 18. f4 exf4 19. Bxf4 Bb6+ 20. Kh2 Qxe1 21. Rxe1 Rxe1 22. Ne2 Bf5 23. Qd2 Ra1 24. Be5 Re8 25. Bxf6 gxf6 26. Bf3 Be4 27. Bxe4 Rxe4 28. Nf4 Rae1 29. h4 Bg1+ 30. Kh3 Bb6 31. Nh5 Rh1+ 32. Kg2 Rg1+ 33. Kh2 Ree1 34. Qxh6 Rh1+ 35. Kg2 Reg1+ 36. Kf3 Rf1+ 37. Ke2 Rf2+ 38. Kd3 Rd1+ 39. Kc4 Rd4+ 40. Kc3 Rf3+ 41. Kc2 Rf2+ 42. Kb3 Rf3+ 43. Kc2 Rf2+ 44. Kc1 Rf1+ 45. Kc2 Rf2+ 1/2-1/2


[Site "https://www.chess.com"]

[Event "Titled Tuesday Blitz May 10 Early 2022"]
[White "Winkels, Marcel"]
[Black "Shukhman, Anna"]
[WhiteFideId "1003887"]
[BlackFideId "54180058"]
[WhiteElo "1900"]
[BlackElo "1726"]
[Result "0-1"]
[Round "10"]
[TimeControl "180+1"]
[Date "2022.05.11"]
[WhiteClock "0:00:10"]
[BlackClock "0:00:29"]

1. d4 Nf6 2. Nc3 d5 3. Bf4 g6 4. e3 Bg7 5. Nf3 O-O 6. h4 c5 7. Ng5 cxd4 8. exd4 Nc6 9. h5 Nxh5 10. Rxh5 gxh5 11. Qxh5 Bf5 12. O-O-O Bg6 13. Qh3 Nxd4 14. Bd3 f5 15. Rh1 e5 16. Be3 h6 17. Bxd4 hxg5 18. Bc5 g4 19. Qh2 Qg5+ 20. Kb1 Rfc8 21. Bd6 Kf7 22. Nxd5 Rh8 23. Qg1 Rxh1 24. Qxh1 Qd8 25. Bc4 Qxd6 26. Nc7+ Ke7 27. Nxa8 e4 28. Bb3 Qd8 29. c3 Qxa8 30. Qh4+ Bf6 31. Qg3 Qd8 32. Qe3 Qd3+ 33. Kc1 Qxe3+ 34. fxe3 Bg5 35. Kd2 f4 36. exf4 Bxf4+ 37. Ke2 g3 38. Bd5 b6 39. c4 Kd6 40. b4 Ke5 41. Bb7 Kd4 42. Ba6 Bh5+ 43. Ke1 Kc3 44. c5 Kxb4 45. c6 Kc5 46. Bb7 Bc7 47. Kd2 Be8 48. Ke3 Bxc6 49. Bxc6 Kxc6 50. Kxe4 Kb5 51. Kf3 Ka4 52. Ke4 Ka3 53. Kd5 Kxa2 54. Kc6 b5 55. Kxc7 b4 56. Kb7 b3 57. Kxa7 b2 58. Kb7 b1=Q+ 59. Kc6 Qb4 60. Kd5 Kb3 61. Ke5 Kc3 62. Kf5 Kd3 63. Kg5 Ke3 64. Kh5 Kf2 65. Kg5 Kxg2 66. Kf5 Kf2 67. Ke5 g2 68. Kf5 g1=Q 69. Ke5 Qg5+ 70. Ke6 Qb6+ 71. Kd7 Qg7+ 0-1


[Site "https://www.chess.com"]

[Event "Titled Tuesday Blitz May 10 Early 2022"]
[White "Yilmaz, Mustafa"]
[Black "Nagy, Gabor"]
[WhiteFideId "6302718"]
[BlackFideId "737119"]
[WhiteElo "2568"]
[BlackElo "2569"]
[Result "1-0"]
[Round "10"]
[TimeControl "180+1"]
[Date "2022.05.10"]
[WhiteClock "0:02:03"]
[BlackClock "0:02:11"]

1. d4 Nf6 2. c4 c5 3. d5 e6 4. Nc3 exd5 5. cxd5 d6 6. e4 g6 7. f4 Nfd7 8. Nf3 Bg7 9. Bd3 O-O 10. O-O Na6 11. Be3 Re8 12. Bf2 Rb8 13. Bh4 Qa5 14. Kh1 b5 15. a4 b4 16. Nb5 Qb6 17. e5 dxe5 18. Bc4 e4 19. Ng5 h6 20. Nxf7 Kxf7 21. d6+ Re6 22. f5 gxf5 23. Qh5+ Kg8 24. Bxe6+ Kh8 25. Qe8+ Nf8 26. Bxc8 Qc6 27. Qxc6 1-0


[Site "https://www.chess.com"]

[Event "Titled Tuesday Blitz May 10 Early 2022"]
[White "Yuan, Qingyu"]
[Black "Dubov, Daniil"]
[WhiteFideId "8609772"]
[BlackFideId "24126055"]
[WhiteElo "2359"]
[BlackElo "2791"]
[Result "1/2-1/2"]
[Round "10"]
[TimeControl "180+1"]
[Date "2022.05.10"]
[WhiteClock "0:00:11"]
[BlackClock "0:00:07"]

1. e4 e5 2. Nf3 Nc6 3. Bc4 Nf6 4. d3 Be7 5. O-O O-O 6. a4 d6 7. h3 Be6 8. Nbd2 Bxc4 9. Nxc4 a5 10. Re1 Re8 11. c3 h6 12. Qb3 Rb8 13. Be3 Bf8 14. Rad1 d5 15. exd5 Qxd5 16. Qb5 Rbd8 17. d4 exd4 18. Nxd4 Nxd4 19. Qxd5 Nxd5 20. Rxd4 Bc5 21. Rd3 Nxe3 22. Rxd8 Rxd8 23. fxe3 b6 24. Kf2 f5 25. Ke2 Kf7 26. Rd1 Rxd1 27. Kxd1 Ke6 28. Ke2 Kd5 29. Kd3 h5 30. Nd2 g5 31. e4+ Ke5 32. Nf3+ Kf4 33. exf5 Kxf5 34. Ke2 g4 35. hxg4+ Kxg4 36. Nd2 Kg3 37. Kf1 Kf4 38. Ke2 h4 39. Nc4 Kg3 40. Kf1 Kg4 41. Ke2 Kf4 42. Nd2 Be3 43. Nc4 Bc5 44. Nd2 Kg4 45. Nc4 Kg3 46. Kf1 Kf4 47. Ke2 Bg1 48. Nd2 Be3 49. Nc4 Bc5 1/2-1/2


[Site "https://www.chess.com"]

[Event "Titled Tuesday Blitz May 10 Early 2022"]
[White "Yurtseven, Melih"]
[Black "Bommini, Mounika Akshaya"]
[WhiteFideId "6312160"]
[BlackFideId "25019872"]
[WhiteElo "2160"]
[BlackElo "1671"]
[Result "1-0"]
[Round "10"]
[TimeControl "180+1"]
[Date "2022.05.11"]
[WhiteClock "0:00:45"]
[BlackClock "0:00:07"]

1. e4 e5 2. Nc3 Nf6 3. g3 d5 4. exd5 Nxd5 5. Bg2 Nxc3 6. bxc3 Bc5 7. Ne2 O-O 8. O-O Nc6 9. Rb1 Bb6 10. d4 exd4 11. cxd4 Nxd4 12. Nxd4 Qxd4 13. Qxd4 Bxd4 14. Ba3 Rd8 15. Bxb7 Bxb7 16. Rxb7 Bb6 17. c4 Rd3 18. Bb4 Rd4 19. Rc1 c5 20. Be1 Rad8 21. a4 Re8 22. a5 Bd8 23. Rxa7 Rde4 24. Kf1 Bg5 25. f4 Bf6 26. Rb7 g5 27. a6 gxf4 28. a7 Be5 29. Rcb1 fxg3 30. Bxg3 Bd4 31. Rb8 1-0


[Site "https://www.chess.com"]

[Event "Titled Tuesday Blitz May 10 Early 2022"]
[White "Zhao, Jun"]
[Black "Rustemov, Alexander"]
[WhiteFideId "8602522"]
[BlackFideId "4119002"]
[WhiteElo "2547"]
[BlackElo "2719"]
[Result "0-1"]
[Round "10"]
[TimeControl "180+1"]
[Date "2022.05.10"]
[WhiteClock "0:00:03"]
[BlackClock "0:00:07"]

1. c4 c5 2. Nc3 g6 3. Nf3 Bg7 4. e3 Nf6 5. d4 cxd4 6. exd4 d5 7. Qb3 O-O 8. cxd5 Nbd7 9. Bf4 Nb6 10. Bc4 Nxc4 11. Qxc4 a6 12. Qb3 b5 13. a4 Bb7 14. axb5 axb5 15. O-O Nxd5 16. Be5 Nxc3 17. Qxc3 Qd5 18. Bxg7 Kxg7 19. h4 Rfc8 20. Qe3 e6 21. Rxa8 Bxa8 22. Rc1 Rxc1+ 23. Qxc1 Qb3 24. Ne5 Qd5 25. Nf3 b4 26. Qc7 h6 27. Kh2 Qf5 28. Qe5+ Qf6 29. Nd2 Bd5 30. Kg3 g5 31. hxg5 hxg5 32. Qe3 Kg6 33. Qd3+ Qf5 34. Qe3 f6 35. f3 Qc2 36. b3 Qc3 37. Kf2 f5 38. Ke2 f4 39. Qe5 Bxb3 40. Qe4+ Kg7 41. Qe5+ Kf7 42. Nxb3 Qxb3 43. Qxg5 Qc4+ 44. Ke1 Qxd4 45. Qh5+ Ke7 46. Qh7+ Kd6 47. Qb7 Qc3+ 48. Ke2 Qc4+ 49. Kd2 Qd4+ 50. Kc2 Qc4+ 51. Kb1 b3 52. Qb8+ Kd5 53. Qd8+ Kc5 54. Qa5+ Kd4 55. Qb6+ Kd3 56. Kb2 Qc3+ 57. Ka3 Qa1+ 58. Kxb3 Qb1+ 0-1


[Site "https://www.chess.com"]

[Event "Titled Tuesday Blitz May 10 Early 2022"]
[White "Zherebtsova, Alexandra"]
[Black "Mirzoev, Azer"]
[WhiteFideId "24129518"]
[BlackFideId "13400304"]
[WhiteElo "2025"]
[BlackElo "2525"]
[Result "0-1"]
[Round "10"]
[TimeControl "180+1"]
[Date "2022.05.11"]
[WhiteClock "0:00:04"]
[BlackClock "0:00:43"]

1. d4 d5 2. Nf3 Nf6 3. c4 e6 4. e3 c5 5. cxd5 exd5 6. Be2 Nc6 7. O-O a6 8. Nc3 Bd6 9. dxc5 Bxc5 10. a3 O-O 11. b4 Ba7 12. Bb2 Re8 13. Rc1 Be6 14. Na4 Ne4 15. Nd4 Bd7 16. Nxc6 Bxc6 17. Nc3 Qg5 18. Bd3 Rad8 19. Qe2 Nxc3 20. Rxc3 d4 21. Rxc6 bxc6 22. f4 Qe7 23. e4 c5 24. bxc5 Bxc5 25. Ra1 Rb8 26. e5 g6 27. Bc1 a5 28. Kh1 Rb3 29. Bd2 a4 30. Bc4 Rb2 31. Rc1 Bxa3 32. Qd3 Rxd2 0-1


[Site "https://www.chess.com"]

[Event "Titled Tuesday Blitz May 10 Early 2022"]
[White "Zhigalko, Sergei"]
[Black "Meshkovs, Nikita"]
[WhiteFideId "13502956"]
[BlackFideId "11602740"]
[WhiteElo "2662"]
[BlackElo "2506"]
[Result "1-0"]
[Round "10"]
[TimeControl "180+1"]
[Date "2022.05.10"]
[WhiteClock "0:00:04"]
[BlackClock "0:00:02"]

1. e4 c5 2. Nf3 Nc6 3. c3 Nf6 4. e5 Nd5 5. Bc4 Nb6 6. Bb3 c4 7. Bc2 Qc7 8. Qe2 g5 9. h3 Bg7 10. O-O Nxe5 11. Nxg5 h6 12. Nf3 d5 13. a4 a5 14. Re1 Nxf3+ 15. Qxf3 Bd7 16. d4 cxd3 17. Bxd3 Bc6 18. Bf4 Qd7 19. Qh5 e6 20. Nd2 Bf6 21. Nf3 Rg8 22. Rxe6+ Qxe6 23. Re1 Qxe1+ 24. Nxe1 Nd7 25. Bb5 O-O-O 26. Nf3 Rde8 27. Qf5 Re6 28. Qh7 Rf8 29. Bxh6 Rfe8 30. Qxf7 Bxb5 31. axb5 Bd8 32. Bf4 R8e7 33. Qf5 Bc7 34. Bxc7 Kxc7 35. Qxd5 Rd6 36. Qc4+ Kb8 37. Qf4 Kc7 38. Nd4 Re5 39. g3 a4 40. h4 Rdd5 41. Nf3 Kb6 42. Nxe5 Nxe5 43. Kg2 Nd3 44. Qe3+ Kxb5 45. Qe4 Rd6 46. Qe3 Nxb2 47. Qe5+ Kc6 48. Qe4+ Kc7 49. Qe7+ Kc6 50. Qe4+ Kc7 51. Qb4 Rb6 52. Qc5+ Rc6 53. Qa5+ Kd6 54. Qb4+ Kd5 55. Qxb2 Ra6 56. Qxb7+ 1-0


[Site "https://www.chess.com"]